 Dungeon Crawl Stone Soup version 0.29-a0-553-g81b289dbe5 (webtiles) character file.

Game seed: 10122557174056058531

625123 frimble the Formicid Barricade (level 27, 0/249 HPs)
             Began as a Formicid Hunter on May 29, 2022.
             Was a High Priest of Ashenzari.
             Killed by divine providence
             ... invoked by a royal mummy
              (11 damage)
             ... on level 21 of a ziggurat on June 7, 2022.
             The game lasted 02:30:54 (60987 turns).

frimble the Formicid Barricade (Formicid Hunter)   Turns: 60987, Time: 02:30:55

Health: 0/249      AC: 28    Str: 21    XL:     27
Magic:  44/68      EV: 31    Int: 25    God:    Ashenzari [*****.]
Gold:   6537       SH: 35    Dex: 21    Spells: 33/72 levels left

rFire   + + +      SeeInvis +   Y - +3 Elemental Staff {rElec rF++ rC++ AC+5, Elem, Evo} (curse)
rCold   + + .      Faith    .   h - +8 tower shield of Ashenzari's Sybil {rN+ MP+9, Elem, Comp} (curse)
rNeg    + . .      Spirit   .   K - +4 troll leather armour of the Eternal Omen {Regen+, Elem, Melee} (curse)
rPois   +          Reflect  .   (helmet unavailable)
rElec   +          Harm     .   X - +2 cloak "Shackled Oracle" {rCorr, Melee, Elem} (curse)
rCorr   +          Rampage  .   W - +3 pair of gloves "Revealing Discomfort" {Will+++ Str+2, Range, Evo} (curse)
Will    +++++      Clarity  +   u - +2 pair of boots of the Perceptive Sun {Fly, Comp, Self} (curse)
Stlth   +++++.....              r - amulet "Suspicion of the Sky" {RegenMP Will+ Dex+4, Elem, Self} (curse)
HPRegen 1.31/turn               Z - ring "Shattered Omen" {MP+9 EV+4 Int+6 Dex-3, Self, Comp} (curse)
MPRegen 0.81/turn               S - ring "Lych" {Wiz Drain rPois rCorr Int+5 SInv}

@: flying, studying 4 skills
A: permanent stasis, dig shafts and tunnels, antennae 3, four strong arms,
iridescent scales 2, deformed body, fire resistance 1
}: 3/15 runes: serpentine, barnacled, silver
a: Dig, Shaft Self, Renounce Religion, Shatter the Chains


You were on level 21 of a ziggurat.
You worshipped Ashenzari.
Ashenzari was extremely pleased with you.
You visited 9 branches of the dungeon, and saw 44 of its levels.
You visited the Abyss 1 time.
You visited 1 ziggurat, and saw 21 of its levels.
You also visited: Bailey, Ice Cave and Wizlab.

You collected 10621 gold pieces.
You spent 4084 gold pieces at shops.

Inventory:

Hand Weapons
 A - the +10 battleaxe "Beast's Regret" {vorpal, rC+ rN+ MP-9 Int+10}
   (You took it off a centaur warrior on level 15 of the Dungeon)

   It inflicts extra damage upon your enemies.
   Int:       It affects your intelligence (+10).
   rC:        It protects you from cold.
   rN:        It protects you from negative energy.
   MP:        It affects your magic capacity (-9).
 Y - the cursed +3 Elemental Staff (weapon) {rElec rF++ rC++ AC+5, Elem, Evo}
   (You bought it in a shop on level 2 of the Orcish Mines)

   If the wielder is skilled in Evocations, they can discharge powerful blasts
   of elemental energy when striking with it.
   It enhances your fire, ice, earth and air magic.
   AC:        It affects your AC (+5).
   rF:        It greatly protects you from fire.
   rC:        It greatly protects you from cold.
   rElec:     It insulates you from electricity.
   It has a curse which improves the following skills: Elements: Fire Magic, Ice
   Magic, Air Magic and Earth Magic.
   Evocations: Evocations.
Missiles
 i - 18 javelins
 x - 5 throwing nets
 C - 18 silver javelins
 V - 10 curare-tipped darts
Armour
 h - the cursed +8 tower shield of Ashenzari's Sybil (worn) {rN+ MP+9, Elem, Comp}
   (You acquired it on level 7 of the Dungeon)

   rN:        It protects you from negative energy.
   MP:        It affects your magic capacity (+9).
   It has a curse which improves the following skills: Elements: Fire Magic, Ice
   Magic, Air Magic and Earth Magic.
   Companions: Summonings and Necromancy.
 u - the cursed +2 pair of boots of the Perceptive Sun (worn) {Fly, Comp, Self}
   (You found it in a bailey)

   It has a curse which improves the following skills: Companions: Summonings
   and Necromancy.
   Introspection: Fighting and Spellcasting.
 I - the +4 moon troll leather armour {Spirit, Regen++ MP+5}
   (You took it off a moon troll in a wizard's laboratory)

   MP:        It affects your magic capacity (+5).
   Regen:     It increases your rate of health regeneration.
 K - the cursed +4 troll leather armour of the Eternal Omen (worn) {Regen+, Elem, Melee}
   (You found it on level 10 of the Dungeon)

   Regen:     It increases your rate of health regeneration.
   It has a curse which improves the following skills: Elements: Fire Magic, Ice
   Magic, Air Magic and Earth Magic.
   Melee Combat: Short Blades, Long Blades, Axes, Maces & Flails, Polearms,
   Staves and Unarmed Combat.
 W - the cursed +3 pair of gloves "Revealing Discomfort" (worn) {Will+++ Str+2, Range, Evo}
   (You found it on level 2 of the Depths)

   Str:       It affects your strength (+2).
   Will:      It greatly increases your willpower.
   It has a curse which improves the following skills: Ranged Combat: Slings,
   Bows, Crossbows and Throwing.
   Evocations: Evocations.
 X - the cursed +2 cloak "Shackled Oracle" (worn) {rCorr, Melee, Elem}
   (You took it off Maurice on level 2 of the Orcish Mines)

   It has a curse which improves the following skills: Melee Combat: Short
   Blades, Long Blades, Axes, Maces & Flails, Polearms, Staves and Unarmed
   Combat.
   Elements:  Fire Magic, Ice Magic, Air Magic and Earth Magic.
Jewellery
 b - a ring of resist corrosion
 g - the ring "Asoq" {rN+ Dex+5}
   (You found it on level 16 of a ziggurat)

   [ring of positive energy]

   Dex:       It affects your dexterity (+5).
   rN:        It protects you from negative energy.
 k - the macabre finger necklace {rN+}
   (You took it off a tengu reaver on level 5 of the Vaults)

   [amulet of nothing]

   It enables you to equip an extra ring.
   rN:        It protects you from negative energy.
 r - the cursed amulet "Suspicion of the Sky" (around neck) {RegenMP Will+ Dex+4, Elem, Self}
   (You took it off an orc on level 3 of the Elven Halls)

   [amulet of magic regeneration]

   It increases your rate of magic regeneration.
   Dex:       It affects your dexterity (+4).
   Will:      It increases your willpower.
   It has a curse which improves the following skills: Elements: Fire Magic, Ice
   Magic, Air Magic and Earth Magic.
   Introspection: Fighting and Spellcasting.
 t - the ring of Awadyugu {rElec Will++ SInv}
   (You took it off a deep elf demonologist on level 3 of the Elven Halls)

   [ring of see invisible]

   rElec:     It insulates you from electricity.
   SInv:      It lets you see invisible.
   Will:      It greatly increases your willpower.
 w - the ring of Layz {Drain rElec rPois rC+++ Int+6}
   (You found it on level 7 of a ziggurat)

   [ring of intelligence]

   Int:       It affects your intelligence (+6).
   rC:        It renders you almost immune to cold.
   rElec:     It insulates you from electricity.
   rPois:     It protects you from poison.
   Drain:     It drains your maximum health when unequipped.
 S - the ring "Lych" (right hand) {Wiz Drain rPois rCorr Int+5 SInv}
   (You found it on level 13 of a ziggurat)

   [ring of wizardry]

   It improves your spell success rate.
   Int:       It affects your intelligence (+5).
   rPois:     It protects you from poison.
   SInv:      It lets you see invisible.
   rCorr:     It protects you from acid and corrosion.
   Drain:     It drains your maximum health when unequipped.
 U - the ring "Juviu" {rElec rN++ AC+4}
   (You took it off a tengu reaver on level 5 of the Vaults)

   [ring of protection]

   AC:        It affects your AC (+4).
   rElec:     It insulates you from electricity.
   rN:        It greatly protects you from negative energy.
 Z - the cursed ring "Shattered Omen" (left hand) {MP+9 EV+4 Int+6 Dex-3, Self, Comp}
   (You took it off an orc warrior on level 3 of the Elven Halls)

   [ring of evasion]

   EV:        It affects your evasion (+4).
   Int:       It affects your intelligence (+6).
   Dex:       It affects your dexterity (-3).
   MP:        It affects your magic capacity (+9).
   It has a curse which improves the following skills: Introspection: Fighting
   and Spellcasting.
   Companions: Summonings and Necromancy.
Wands
 E - a wand of polymorph (30)
 L - a wand of acid (23)
 M - a wand of digging (19)
 Q - a wand of iceblast (43)
 R - a wand of paralysis (28)
Scrolls
 c - 9 scrolls of immolation
 d - 9 scrolls of enchant weapon
 j - 16 scrolls of fog
 o - 8 scrolls of magic mapping
 v - 16 scrolls of amnesia
 y - 4 scrolls of brand weapon
 B - 9 scrolls of fear
 G - 10 scrolls of enchant armour
 H - 10 scrolls of poison
 P - 5 scrolls of silence
Potions
 e - 37 potions of curing
 f - 10 potions of lignification
 l - 7 potions of ambrosia
 m - 10 potions of heal wounds
 n - 5 potions of flight
 p - 9 potions of brilliance
 q - 11 potions of attraction
 s - 4 potions of cancellation
 z - 5 potions of might
 D - 3 potions of invisibility
 F - 3 potions of mutation
 N - 3 potions of magic
 O - 5 potions of resistance
Miscellaneous
 a - a condenser vane
 J - a box of beasts
 T - a tin of tremorstones (2/2)


   Skills:
 - Level 23.3(27) Fighting
 - Level 8.1(11.6) Short Blades
 - Level 2.3(5.0) Axes
 - Level 9.5(13.0) Staves
 - Level 5.3(7.6) Slings
 - Level 11.0 Armour
 - Level 20.0 Dodging
 - Level 13.1 Stealth
 O Level 27 Shields
 + Level 19.0(23.2) Spellcasting
 - Level 7.0 Conjurations
 - Level 3.6(7.5) Necromancy
 - Level 10.0 Transmutations
 + Level 18.5(24.6) Ice Magic
 - Level 21.0(27) Earth Magic
 - Level 14.8(18.2) Evocations


You had 33 spell levels left.
You knew the following spells:

 Your Spells              Type           Power      Damage    Failure   Level
a - Statue Form           Tmut/Erth      73%        N/A       1%          6
b - Frozen Ramparts       Ice            100%       1d12      0%          3
c - Passwall              Tmut/Erth      91%        N/A       0%          2
d - Borgnjor's Vile Clut  Necr/Erth      53%        N/A       1%          5
e - Irradiate             Conj/Tmut      32%        3d24      1%          5
f - Shatter               Erth           64%        3d47*     1%          9
g - Polar Vortex          Ice            61%        N/A       2%          9

Your spell library contained the following spells:

 Spells                   Type           Power      Damage    Failure   Level
 Beastly Appendage        Tmut           100%       N/A       0%          1
 Sandblast                Erth           100%       2d20      0%          1
 Ensorcelled Hibernation  Hex/Ice        100%       N/A       0%          2
 Ozocubu's Armour         Ice            100%       N/A       0%          3
 Hailstorm                Conj/Ice       100%       3d20      0%          4
 Ice Form                 Ice/Tmut       100%       N/A       0%          4
 Petrify                  Tmut/Erth      100%       N/A       0%          4
 Lee's Rapid Deconstruct  Erth           64%        3d30*     0%          5
 Foxfire                  Conj/Fire      100%       2x1d9     1%          1
 Magic Dart               Conj           100%       1d8       1%          1
 Necrotize                Necr           100%       1d9       1%          1
 Shock                    Conj/Air       100%       1d9       1%          1
 Slow                     Hex            100%       N/A       1%          1
 Summon Small Mammal      Summ           100%       N/A       1%          1
 Call Imp                 Summ           32%        N/A       1%          2
 Poisonous Vapours        Pois/Air       94%        N/A       1%          2
 Searing Ray              Conj           100%       2d8       1%          2
 Static Discharge         Conj/Air       65%        N/A       1%          2
 Sublimation of Blood     Necr           61%        N/A       1%          2
 Wereblood                Tmut           68%        N/A       1%          2
 Call Canine Familiar     Summ           32%        N/A       1%          3
 Confusing Touch          Hex            29%        N/A       1%          3
 Conjure Flame            Conj/Fire      65%        6-21      1%          3
 Dazzling Flash           Conj/Hex       92%        N/A       1%          3
 Gell's Gravitas          Tloc           29%        N/A       1%          3
 Ignite Poison            Fire/Tmut/Pois 63%        N/A       1%          3
 Inner Flame              Hex/Fire       47%        N/A       1%          3
 Lesser Beckoning         Tloc           29%        N/A       1%          3
 Mephitic Cloud           Conj/Pois/Air  59%        N/A       1%          3
 Portal Projectile        Hex/Tloc       58%        N/A       1%          3
 Spider Form              Tmut/Pois      52%        N/A       1%          3
 Summon Guardian Golem    Hex/Summ       30%        N/A       1%          3
 Teleport Other           Tloc           29%        N/A       1%          3
 Tukima's Dance           Hex            29%        N/A       1%          3
 Vampiric Draining        Necr           61%        2d10      1%          3
 Anguish                  Hex/Necr       23%        N/A       1%          4
 Animate Armour           Summ/Erth      100%       N/A       1%          4
 Animate Dead             Necr           61%        N/A       1%          4
 Corpse Rot               Necr/Pois/Air  60%        N/A       1%          4
 Dispel Undead            Necr           61%        3d21      1%          4
 Flame Wave               Conj/Fire      65%        2d12      1%          4
 Fulminant Prism          Conj/Hex       23%        3d13      1%          4
 Iskenderun's Mystic Bla  Conj/Tloc      46%        2d10      1%          4
 Leda's Liquefaction      Hex/Erth       49%        N/A       1%          4
 Sticky Flame             Conj/Fire      65%        2d8       1%          4
 Summon Ice Beast         Ice/Summ       95%        N/A       1%          4
 Alistair's Intoxication  Tmut/Pois      34%        N/A       1%          5
 Blade Hands              Tmut           34%        N/A       1%          5
 Freezing Cloud           Conj/Ice/Air   56%        6-21      1%          5
 Iskenderun's Battlesphe  Conj           59%        2d11      1%          5
 Metabolic Englaciation   Hex/Ice        47%        N/A       1%          5
 Yara's Violent Unravell  Hex/Tmut       26%        3d11      1%          5
 Iron Shot                Conj/Erth      53%        9d10      1%          6
 Simulacrum               Ice/Necr       52%        N/A       1%          6
 Ozocubu's Refrigeration  Ice            61%        4d17      1%          7
 Fireball                 Conj/Fire      32%        3d14      3%          5
 Lightning Bolt           Conj/Air       32%        1d50      3%          5
 Lehudib's Crystal Spear  Conj/Erth      53%        10d13     3%          8
 Airstrike                Air            25%        N/A       4%          4
 Summon Lightning Spire   Summ/Air       49%        N/A       4%          4
 Death Channel            Necr           30%        N/A       4%          6
 Cause Fear               Hex            14%        N/A       6%          4
 Passage of Golubria      Tloc           29%        N/A       6%          4
 Eringya's Noxious Bog    Tmut/Pois      26%        N/A       12%         6
 Manifold Assault         Tloc           29%        N/A       16%         5
 Conjure Ball Lightning   Conj/Air       32%        3x3d10    16%         6
 Starburst                Conj/Fire      32%        6d10      16%         6
 Orb of Destruction       Conj           29%        9d9       26%         7
 Storm Form               Tmut/Air       35%        N/A       43%         7
 Dispersal                Tloc           14%        N/A       61%         6
 Spellforged Servitor     Conj/Summ      24%        N/A       65%         7
 Summon Hydra             Summ           16%        N/A       97%         7
 Enfeeble                 Hex            14%        N/A       99%         7
 Discord                  Hex            14%        N/A       100%        8
 Disjunction              Tloc           14%        N/A       100%        8
 Maxwell's Capacitive Co  Air            25%        ∞         100%        8
 Fire Storm               Conj/Fire      32%        8d8       100%        9
 Blink                    Tloc           Unusable   N/A       N/A         2
 Swiftness                Air            Unusable   N/A       N/A         3

Dungeon Overview and Level Annotations

Branches:
Dungeon (15/15)            Temple (1/1) D:7            Lair (6/6) D:8
 Shoals (4/4) Lair:2        Snake (4/4) Lair:2        Slime (0/5) Lair:5
    Orc (2/2) D:11            Elf (3/3) Orc:2        Vaults (5/5) D:14
  Crypt (0/3) Vaults:2     Depths (4/4) D:15            Zot (0/5) Depths:4
 Bailey (visited)           IceCv (visited)          WizLab (visited)

Altars:
Ashenzari
Cheibriados
Dithmenos
Elyvilon
Gozag
Hepliaklqana
Kikubaaqudgha
Makhleb
Nemelex Xobeh
Okawaru
Qazlal
Ru
Sif Muna
Trog
Uskayaw
Vehumet
Wu Jian
Xom
Yredelemnul
Zin
The Shining One
Beogh
Jiyva

Shops:
D:6 ?   D:12 [   Orc:1 !   Orc:2 [(([   Snake:2 =:=   Snake:4 ==   Vaults:2 *
Vaults:4 [[[(   Depths:1 (![*

Portals:
Hell: Depths:1 Depths:2 Depths:3 Depths:4
Abyss: Depths:2 Depths:3
Pandemonium: Depths:2 Depths:3
Trove: D:10 (give +7 demon blade)

Annotations:
D:5 mosq???
Lair:5 1 runed translucent door
Elf:2 5 runed translucent doors
Vaults:2 1 runed translucent door, royokou's ghost, adept MeEE
Depths:4 3 runed translucent doors


Innate Abilities, Weirdness & Mutations

You cannot be hasted, slowed, berserked, paralysed or teleported.
You can dig through walls and to a lower floor.
You have a pair of large antennae on your head. (SInv)
Your four strong arms can wield two-handed weapons with a shield.
You are mostly covered in iridescent scales. (AC +4)
Armour fits poorly on your strangely shaped body.
Your flesh is heat resistant. (rF+)


Message History

The royal mummy mumbles some strange words. x2
A flying skull comes into view.
Your tin of tremorstones (2/2) has regained one charge.
Casting: Shatter (mildly dangerous; 1% risk of failure)
Confirm with . or Enter, or press ? or * to list all spells.
You feel a surge of power!
The dungeon rumbles!
The royal mummy is severely damaged.
You destroy the royal mummy!
The caustic shrike zombie is heavily damaged.
The tengu reaver zombie is heavily damaged.
The bennu renews itself in a burst of flame!
The royal mummy is almost destroyed.
The bennu is heavily wounded.
The royal mummy is severely damaged.
You destroy the royal mummy!
You destroy the death scarab!
The death scarab's corpse disappears in a puff of smoke!
You destroy the flying skull! x2
The bennu is moderately wounded.
You destroy the mummy priest!
You feel extremely nervous for a moment...
You feel homesick.
You feel extremely nervous for a moment...
Your body is wracked with pain!
* * * LOW HITPOINT WARNING * * *
The bennu blazes out!
The pyre of ghostly fire engulfs the royal mummy.
The royal mummy completely resists.
The pyre of ghostly fire engulfs the tengu reaver zombie.
The tengu reaver zombie completely resists.
The pyre of ghostly fire engulfs the bennu.
The bennu completely resists.
You feel extremely nervous for a moment...
Your body is wracked with pain!
* * * LOW HITPOINT WARNING * * *
A bennu comes into view.
A mummy priest comes into view.
A mummy comes into view. x2
The royal mummy casts a spell at you. Something smites you!
You die...

* , , , , *
▓▓▓.............▓▓▓▓▓▓▓▓ *
........................,,
* ....#≈#.....#≈#.......Z.
* ....≈#≈.....≈#≈.....Z..?
, ....#≈#.....#≈#......M.)
,, ....................b..§
,,*
.......................M, ∩
................@M.b..M:
,>*
.................Z....bM ∩*
.....§§................" ,
....#§#.....#≈.........M *
....≈#§.....≈#≈......b.. ,
...§#≈#......≈#......... ,
........................,,,
▓▓▓.............▓▓▓▓▓▓▓▓*
,, , ,, ,,*


You could see 3 royal mummies, 4 bennus, a mummy priest, 2 mummies, a tengu
reaver zombie, a caustic shrike zombie and a juggernaut skeleton.

Vanquished Creatures
  3 dread liches
  7 pandemonium lords
  2 ancient liches
  3 royal mummies
  7 Killer Klowns
  Bai Suzhen (Vaults:4)
  A caustic shrike (Zig:5)
  Saint Roka (Elf:3)
  4 golden dragons
  Jory (Vaults:2)
  2 bone dragons
  5 tentacled monstrosities
  A moon troll (WizLab)
  A hellephant (Zig:16)
  An Ice Fiend (IceCv)
  A Hell Sentinel (Zig:5)
  5 liches
  4 deep elf blademasters (Elf:3)
  6 quicksilver dragons
  9 titans
  Asterion (Snake:4)
  2 deep elf master archers (Elf:3)
  4 sphinxes
  10 acid blobs
  7 ancient champions
  4 krakens
  10 tentacled starspawn
  14 tengu reavers
  Roxanne (Shoals:2)
  11 shadow dragons
  Donald (Vaults:1)
  3 revenants (Zig:19)
  8 storm dragons
  4 draconian knights (Zig:18)
  2 fenstrider witches (Zig:20)
  An emperor scorpion (shapeshifter) (Vaults:5)
  12 fire giants
  5 rockslimes
  A demonspawn warmonger (Zig:4)
  23 nagarajas
  7 frost giants
  19 vault wardens
  7 azure jellies
  2 orc warlords
  7 deep elf sorcerers
  5 draconian scorchers (Zig:18)
  3 iron dragons (Zig:13)
  2 cacodemons
  2 frost giants (shapeshifter)
  4 spectral caustic shrikes (Depths:2)
  5 ghost moths (Zig:20)
  3 emperor scorpions (Zig:20)
  A balrug (Zig:15)
  3 angels (Depths:2)
  8 draconian shifters
  A spriggan defender (Depths:1)
  9 curse skulls
  Louise (D:14)
  A demonspawn corrupter (Zig:17)
  5 deep elf elementalists (Elf:3)
  A broodmother (Zig:20)
  A reaper (Zig:19)
  17 ironbound preservers
  3 ghouls
  6 war gargoyles
  A quicksilver ooze (Zig:17)
  6 draconian annihilators
  37 very ugly things
  8 vampire knights
  4 draconian stormcallers
  A demonspawn black sun (Zig:20)
  A stone giant (shapeshifter) (Depths:4)
  2 lorocyprocas
  26 stone giants
  2 ironbound thunderhulks
  A bennu (Zig:21)
  An eleionoma (shapeshifter) (Zig:15)
  Nessos (Orc:2)
  An eleionoma (Zig:14)
  3 green draconians
  3 black draconians
  4 entropy weavers
  A bunyip (Zig:20)
  8 deep elf annihilators
  7 deep elf demonologists
  8 purple draconians
  5 white draconians
  5 yellow draconians
  4 dire elephants (Vaults:2)
  4 red draconians
  A spark wasp (Zig:20)
  Azrael (Orc:2)
  9 eidola
  2 iron golems
  8 deep elf death magi
  Josephine (D:11)
  6 crystal guardians
  4 mummy priests (Zig:21)
  7 merfolk javelineers
  21 ettins
  10 fire dragons
  12 great orbs of eyes
  A green death (Zig:4)
  4 deep elf high priests
  The ghost of Seanster0919 the Protected, a journeyman MiFi of Qazlal (Orc:1)
  18 yaktaur captains
  10 merfolk impalers
  Harold (Orc:1)
  4 caustic shrike simulacra (IceCv)
  12 ogre magi
  Erolcha (D:11)
  12 ice dragons
  7 peacekeepers
  4 rakshasas (Depths:1)
  31 vault guards
  11 boulder beetles
  13 hydras
  4 salamander tyrants
  12 ironbound frosthearts
  5 alligator snapping turtles
  9 two-headed ogres
  12 anacondas
  5 merfolk avatars
  5 spriggan air magi
  4 catoblepae
  11 naga warriors
  21 centaur warriors
  5 satyrs
  An alligator snapping turtle (shapeshifter) (Zig:15)
  A ghost crab (Zig:14)
  2 alligators (Zig:14)
  7 merfolk aquamancers
  6 death yaks (Lair:6)
  10 deep troll shamans
  3 tengu warriors
  A death yak (shapeshifter) (Zig:15)
  3 death scarabs
  13 deep troll earth magi
  3 vampire magi (Zig:19)
  A satyr (shapeshifter) (Vaults:5)
  3 thrashing horrors (Zig:16)
  12 dancing weapons
  19 naga sharpshooters
  14 shock serpents
  8 hell knights (Depths:1)
  3 orc high priests
  Sonja (Orc:1)
  8 soul eaters
  Urug (Orc:1)
  7 spriggan berserkers
  2 wretched stars (Zig:16)
  10 deep elf knights
  2 shadow wraiths (Zig:19)
  11 iron trolls
  A sixfirhy (Abyss:2)
  2 goliath frogs (Zig:14)
  12 sea snakes
  A goliath frog (shapeshifter) (Vaults:2)
  3 death drakes (Zig:13)
  3 salamander mystics
  15 skeletal warriors
  A glowing orange brain (shapeshifter) (Vaults:5)
  5 swamp dragons
  11 glowing orange brains
  26 ironbound convokers
  9 naga ritualists
  76 deep trolls
  9 wizards
  4 flayed ghosts
  A steelbarb worm (shapeshifter) (Zig:7)
  3 spriggan druids (Zig:14)
  6 phantasmal warriors
  2 obsidian statues (IceCv)
  2 orange crystal statues
  A harpy (shapeshifter) (D:15)
  13 deep elf archers
  Pikel (D:7)
  14 harpies
  10 mana vipers
  7 lindwurms
  14 deep elf zephyrmancers
  35 ugly things
  7 necromancers
  13 orc knights
  3 will-o-the-wisps
  21 deep elf pyromancers
  21 manticores
  4 wolf spiders
  2 cyclopes (shapeshifter)
  15 cyclopes
  A manticore (shapeshifter) (Zig:7)
  A faun (shapeshifter) (Vaults:3)
  7 moths of wrath
  7 salamanders
  9 fauns
  3 orc sorcerers
  9 merfolk sirens
  Maurice (Orc:2)
  7 shining eyes
  10 elephants
  An ice statue (Shoals:1)
  9 water nymphs
  15 guardian serpents
  10 eyes of devastation
  3 torpor snails
  17 vault sentinels
  52 black mambas
  Joseph (D:7)
  2 guardian serpents (shapeshifter)
  19 naga magi
  An iron dragon skeleton (Zig:21)
  3 apocalypse crabs
  2 rust devils
  A smoke demon (Abyss:2)
  A water nymph (shapeshifter) (Zig:10)
  10 cane toads
  6 gargoyles
  2 orange demons (Abyss:2)
  A cane toad (shapeshifter) (D:15)
  Maggie (D:7)
  12 komodo dragons
  2 unseen horrors (D:12)
  3 hellions (Zig:5)
  3 demonic crawlers
  45 yaktaurs
  3 kobold demonologists
  3 ice devils
  2 hellwings
  A tormentor (Zig:4)
  12 rime drakes
  11 freezing wraiths
  5 ancient zymes
  6 tengu conjurers
  A queen bee (Lair:2)
  A silent spectre (Depths:2)
  A troll (shapeshifter) (D:15)
  A meliai (D:15)
  A bloated husk (Zig:14)
  6 guardian mummies
  5 polar bears (Lair:6)
  A polar bear (shapeshifter) (Vaults:5)
  2 tyrant leeches (Zig:14)
  9 trolls
  3 golden dragon simulacra (IceCv)
  A wolf spider simulacrum (D:15)
  A wind drake (shapeshifter) (D:15)
  9 hornets
  18 merfolk
  2 shadow dragon simulacra
  A tarantella (Vaults:2)
  15 blink frogs
  A dream sheep (shapeshifter) (Zig:15)
  7 snapping turtles
  15 dream sheep
  61 slime creatures
  5 wind drakes
  2 centaur simulacra (D:15)
  A culicivora (Vaults:2)
  A spriggan (shapeshifter) (Elf:1)
  10 flying skulls (Zig:21)
  11 water elementals
  A jumping spider (shapeshifter) (D:15)
  3 shadows
  14 spriggans
  2 wyverns
  A ynoxinul (Zig:16)
  An air elemental (Elf:2)
  5 fire elementals
  9 wraiths
  2 ushabtiu (Zig:21)
  30 yaks
  3 vampires
  7 golden eyes
  2 yaks (shapeshifter)
  A golden eye (shapeshifter) (D:15)
  3 basilisks
  3 neqoxecs
  10 large abominations
  6 steam dragons
  14 vampire mosquitoes
  6 chaos spawn
  4 wargs
  3 redbacks (Vaults:2)
  Menkaure (D:7)
  40 nagas
  22 water moccasins
  A hydra simulacrum (IceCv)
  2 hell hounds (Orc:2)
  A swamp drake (D:11)
  37 starcursed masses
  3 ettin simulacra (IceCv)
  5 black bears
  51 orc warriors
  2 ice beasts
  2 sky beasts
  4 ogres
  17 wolves (Lair:6)
  10 boggarts
  20 centaurs
  A lemure (D:7)
  A phantom (D:4)
  5 kobold brigands
  6 small abominations
  An elf zombie (Elf:1)
  20 bullfrogs
  4 earth elementals
  3 necrophages
  2 scorpions
  A gnoll sergeant (D:10)
  15 killer bees
  6 howler monkeys
  9 vampire bats (Bailey)
  4 wolf zombies (Bailey)
  2 electric eels (Snake:1)
  A quasit (Abyss:2)
  2 hounds
  A jelly (D:5)
  20 orc priests
  2 gnoll shamans
  2 iguanas (D:7)
  A hell rat (Lair:2)
  31 orc wizards
  A boggart simulacrum (D:15)
  13 mummies (Zig:21)
  Robin (D:2)
  12 gnolls
  6 adders
  3 shadow imps
  3 white imps
  2 ufetubi
  A worm (D:2)
  2 dart slugs
  106 orcs
  4 bats
  10 endoplasms
  3 giant cockroaches
  10 goblins
  16 hobgoblins
  2 jackals (D:4)
  25 kobolds
  4 quokkas
  6 ball pythons
  5 frilled lizards
  23 orc zombies (Bailey)
  4 rats
  A plant (Depths:3)
  12 starspawn tentacles (WizLab)
  6 tentacles (Shoals:4)
2567 creatures vanquished.

Vanquished Creatures (collateral kills)
  A tengu reaver (Depths:4)
  A draconian scorcher (Depths:4)
  A frost giant (Depths:4)
  A white draconian (Abyss:2)
  A red draconian (Depths:4)
  A manticore (D:15)
  A hellion (Abyss:2)
  A harpy zombie (Abyss:2)
  A spriggan (Lair:6)
  A water moccasin (Lair:6)
  A boggart (Lair:6)
  2 wolves (Lair:6)
13 creatures vanquished.

Vanquished Creatures (others)
  A draconian knight (Zig:18)
  A pandemonium lord (Zig:4)
  An ironbound thunderhulk (Vaults:1)
  An eleionoma (Zig:14)
  A naga warrior (Snake:2)
  A shock serpent (Snake:4)
  A pharaoh ant (Zig:20)
  A harpy (Vaults:2)
  A deep elf zephyrmancer (Elf:2)
  A faun (Shoals:3)
  A will-o-the-wisp (Zig:14)
  A rime drake (Zig:13)
  A tengu conjurer (Depths:1)
  A slime creature (D:15)
  A starcursed mass (WizLab)
  A human (Depths:2)
  A quokka (D:8)
  4 demonic plants (WizLab)
  7 foxfires
  85 fungi
  140 plants
  15 starspawn tentacles
  21 tentacles
289 creatures vanquished.

Grand Total: 2869 creatures vanquished

Notes
Turn   | Place    | Note
-------+----------+-------------------------------------------
     0 | D:1      | frimble the Formicid Hunter began the quest for the Orb.
     0 | D:1      | Reached XP level 1. HP: 16/16 MP: 1/1
   151 | D:1      | Reached XP level 2. HP: 23/23 MP: 2/2
   625 | D:2      | Reached XP level 3. HP: 28/28 MP: 3/3
   657 | D:2      | Noticed Robin
   660 | D:2      | Killed Robin
   673 | D:2      | Reached skill level 5 in Slings
   673 | D:2      | Reached XP level 4. HP: 25/35 MP: 4/4
   675 | D:2      | Reached skill level 1 in Short Blades
   862 | D:2      | Found a faded altar of an unknown god.
   865 | D:2      | Got Plato's Handbook of the Birds
  1013 | D:2      | Found an iron altar of Okawaru.
  1463 | D:3      | Found an opulent altar of Gozag.
  1496 | D:3      | Reached XP level 5. HP: 15/41 MP: 5/5
  1499 | D:3      | You fall into a shaft and drop 1 floor!
  2307 | D:3      | Identified a scroll of acquirement
  2308 | D:3      | Acquired a +6 quick blade
  2429 | D:4      | Noticed a bullfrog
  2439 | D:4      | Killed a bullfrog
  2440 | D:4      | Reached XP level 6. HP: 38/48 MP: 6/6
  3238 | D:5      | Entered Level 5 of the Dungeon
  3293 | D:5      | Reached XP level 7. HP: 55/55 MP: 7/7
  3788 | D:5      | Found a stormy altar of Qazlal.
  4131 | D:5      | Noticed a vampire mosquito
  4250 | D:6      | Reached skill level 5 in Stealth
  4250 | D:6      | Reached XP level 8. HP: 38/61 MP: 8/8
  4456 | D:6      | Reached skill level 5 in Short Blades
  4757 | D:6      | Found a sacrificial altar of Ru.
  5112 | D:6      | Found Caaf's Magic Scroll Emporium.
  5122 | D:6      | Bought a scroll of identify for 26 gold pieces
  5208 | D:6      | Found a burning altar of Makhleb.
  5710 | D:6      | Bought a scroll of enchant weapon for 97 gold pieces
  5804 | D:7      | Found a staircase to the Ecumenical Temple.
  5890 | D:7      | Reached XP level 9. HP: 61/66 MP: 9/9
  5951 | D:7      | Found a sparkling altar of Nemelex Xobeh.
  6012 | D:7      | Noticed Joseph
  6032 | D:7      | Killed Joseph
  6186 | D:7      | Noticed Pikel
  6217 | D:7      | Killed Pikel
  6342 | Temple   | Entered the Ecumenical Temple
  6898 | D:7      | Noticed Maggie
  6900 | D:7      | Found a broken altar of Ashenzari.
  6912 | D:7      | Reached skill level 10 in Stealth
  6935 | D:7      | Killed Maggie
  6936 | D:7      | Reached skill level 5 in Fighting
  6936 | D:7      | Reached XP level 10. HP: 48/74 MP: 10/10
  7647 | D:7      | Reached skill level 5 in Dodging
  7696 | D:7      | Noticed Menkaure
  7713 | D:7      | Killed Menkaure
  8425 | D:8      | Reached skill level 1 in Armour
  8599 | D:8      | Upgraded the game from 0.29-a0-506-ga2e7fffb44 to
                  | 0.29-a0-512-gf59ac788ac
  8788 | D:8      | Found a staircase to the Lair.
  9065 | D:8      | Found a bloodstained altar of Trog.
  9065 | D:8      | Found a snail-covered altar of Cheibriados.
  9066 | D:8      | Found an ornate altar of the Wu Jian Council.
  9158 | D:8      | Noticed a rime drake
  9158 | D:8      | Noticed a rime drake
  9158 | D:8      | Noticed a rime drake
  9159 | D:8      | Noticed a rime drake
  9159 | D:8      | Noticed a rime drake
  9173 | D:8      | Killed a rime drake
  9174 | D:8      | Found the +4 skin of Zhor {*Englaciate rC+++ SInv}
  9182 | D:8      | Killed a rime drake
  9183 | D:8      | Reached skill level 5 in Armour
  9183 | D:8      | Reached XP level 11. HP: 63/87 MP: 11/11
  9551 | D:8      | Found a white marble altar of Elyvilon.
  9729 | D:7      | Became a worshipper of Ashenzari the Shackled
  9731 | D:7      | Acquired the +8 tower shield of Goxularo {rN+ MP+9}
  9849 | D:9      | Reached skill level 1 in Shields
  9916 | D:9      | Reached skill level 10 in Fighting
  9928 | D:9      | Reached skill level 2 in Shields
 10119 | D:9      | Reached skill level 3 in Shields
 10165 | D:9      | Upgraded the game from 0.29-a0-512-gf59ac788ac to
                  | 0.29-a0-517-gbdf32494f2
 10498 | D:9      | Found a large runed translucent door.
 10498 | D:9      | Found a large runed translucent door.
 10744 | D:9      | Found an ancient bone altar of Kikubaaqudgha.
 10749 | D:9      | Reached skill level 4 in Shields
 10749 | D:9      | Reached skill level 1 in Evocations
 10755 | D:9      | Found a glowing silver altar of Zin.
 10795 | D:10     | Entered Level 10 of the Dungeon
 10853 | D:10     | Learned a level 6 spell: Statue Form
 10862 | D:10     | Learned a level 3 spell: Frozen Ramparts
 10874 | D:10     | Found a flagged portal.
 10921 | D:10     | Reached skill level 5 in Shields
 10934 | Bailey   | Entered a bailey
 11282 | Bailey   | Reached * piety under Ashenzari
 11313 | Bailey   | Reached skill level 12 in Shields
 11313 | Bailey   | Reached XP level 12. HP: 100/100 MP: 12/12
 11845 | D:10     | Found a portal to a secret trove of treasure.
 11902 | D:10     | Reached XP level 13. HP: 106/106 MP: 13/13
 12136 | D:10     | Reached skill level 1 in Earth Magic
 12160 | D:10     | Reached skill level 13 in Shields
 12160 | D:10     | Reached skill level 1 in Spellcasting
 12160 | D:10     | Reached skill level 1 in Transmutations
 12330 | D:10     | Reached ** piety under Ashenzari
 12375 | D:10     | You fall into a shaft and drop 2 floors!
 12718 | Lair:1   | Entered Level 1 of the Lair of Beasts
 12932 | Lair:1   | Reached *** piety under Ashenzari
 13669 | Lair:2   | Identified the +6 chain mail of the Final Knives {Int+2}
 13687 | Lair:2   | Found a staircase to the Shoals.
 14397 | Lair:2   | Found a staircase to the Snake Pit.
 14530 | Lair:2   | Reached skill level 14 in Shields
 14530 | Lair:2   | Reached skill level 5 in Earth Magic
 15187 | Lair:2   | Reached skill level 5 in Transmutations
 15411 | Lair:3   | Noticed an eight-headed hydra
 15416 | Lair:3   | You are sucked into a shaft and drop 1 floor!
 15695 | Lair:4   | Noticed an eight-headed hydra
 15725 | Lair:4   | Killed an eight-headed hydra
 15765 | Lair:4   | Reached XP level 14. HP: 62/110 MP: 23/23
 16115 | Lair:4   | Reached skill level 5 in Spellcasting
 16697 | Lair:4   | Reached skill level 15 in Shields
 17023 | Lair:5   | Found a runed translucent door.
 17023 | Lair:5   | Found a viscous altar of Jiyva.
 17023 | Lair:5   | Found a staircase to the Slime Pits.
 17743 | Lair:6   | Entered Level 6 of the Lair of Beasts
 18512 | Lair:6   | Reached skill level 16 in Shields
 18615 | Lair:6   | Reached XP level 15. HP: 112/122 MP: 28/28
 19052 | Lair:6   | Upgraded the game from 0.29-a0-517-gbdf32494f2 to
                  | 0.29-a0-551-gffc1d7fb78
 20067 | D:10     | Reached skill level 10 in Earth Magic
 20094 | D:10     | Reached **** piety under Ashenzari
 21453 | D:11     | Upgraded the game from 0.29-a0-551-gffc1d7fb78 to
                  | 0.29-a0-553-g81b289dbe5
 21708 | D:11     | Reached skill level 17 in Shields
 21827 | D:11     | Noticed Erolcha
 21842 | D:11     | Killed Erolcha
 21935 | D:11     | Found a staircase to the Orcish Mines.
 22000 | D:11     | Noticed Josephine
 22009 | D:11     | Killed Josephine
 22030 | D:11     | Reached skill level 10 in Transmutations
 22585 | D:12     | Found Nal Pom Sett's Armour Boutique.
 22586 | D:12     | Reached ***** piety under Ashenzari
 23343 | D:13     | Reached XP level 16. HP: 133/133 MP: 31/31
 23475 | D:13     | Identified the cursed +2 pair of gloves of the Wild Blue
                  | Yonder {Comp, Elem} (You found it on level 1 of the
                  | Dungeon)
 23475 | D:13     | Identified the cursed +2 pair of boots of the Perceptive
                  | Sun {Fly, Comp, Self} (You found it in a bailey)
 24374 | D:14     | Noticed Louise
 24379 | D:14     | Killed Louise
 24543 | D:14     | Found a glowing silver altar of Zin.
 24683 | D:14     | Found a gate to the Vaults.
 24844 | D:15     | Entered Level 15 of the Dungeon
 25035 | D:15     | Reached skill level 18 in Shields
 25647 | D:15     | Found a staircase to the Depths.
 25778 | D:15     | Found a radiant altar of Vehumet.
 25779 | D:15     | Found a glowing golden altar of the Shining One.
 25779 | D:15     | Found a sparkling altar of Nemelex Xobeh.
 25789 | D:15     | Reached XP level 17. HP: 138/138 MP: 31/31
 26451 | D:15     | Noticed a sphinx
 26453 | D:15     | Killed a sphinx
 26574 | D:15     | Reached skill level 5 in Evocations
 26598 | D:15     | Identified the +10 battleaxe "Beast's Regret" {vorpal, rC+
                  | rN+ MP-9 Int+10}
 26604 | D:15     | Noticed a tengu reaver
 27012 | D:15     | Identified Luibiw's Disquisition on Freezing Battle Magic
 27013 | D:15     | Noticed a tengu reaver
 27099 | D:15     | Identified the +10 hand axe of the Sixty-Six Stars {freeze,
                  | Str+2}
 27116 | D:15     | Killed a tengu reaver
 27209 | D:15     | Identified the Almanac of the Dusty Arsonist
 27219 | D:15     | Learned a level 2 spell: Passwall
 27286 | D:15     | Killed a tengu reaver
 27591 | Orc:1    | Entered Level 1 of the Orcish Mines
 27591 | Orc:1    | Noticed Sonja
 27593 | Orc:1    | Killed Sonja
 27608 | Orc:1    | Found a transporter.
 27611 | Orc:1    | Noticed Seanster0919's ghost (journeyman MiFi)
 27637 | Orc:1    | Noticed Urug
 27663 | Orc:1    | Killed Urug
 27664 | Orc:1    | Reached skill level 1 in Axes
 27905 | Orc:1    | Noticed Harold
 27906 | Orc:1    | Found an iron altar of Okawaru.
 27922 | Orc:1    | Killed Harold
 27974 | Orc:1    | Found Woadwiuze's Distillery.
 27982 | Orc:1    | Bought a potion of curing for 51 gold pieces
 27982 | Orc:1    | Bought a potion of heal wounds for 85 gold pieces
 27982 | Orc:1    | Bought a potion of curing for 51 gold pieces
 28081 | Orc:1    | Found a bloodstained altar of Trog.
 28099 | Orc:1    | Found a transporter.
 28225 | Orc:1    | Reached skill level 19 in Shields
 28240 | Orc:1    | Killed Seanster0919's ghost
 28503 | Orc:2    | Entered Level 2 of the Orcish Mines
 28594 | Orc:2    | Noticed Azrael
 28619 | Orc:2    | Killed Azrael
 28839 | Orc:2    | Found Taekeami's Antique Armour Shop.
 28940 | Orc:2    | Reached XP level 18. HP: 149/150 MP: 35/35
 29164 | Orc:2    | Bought an embroidered cloak for 262 gold pieces
 29194 | Orc:2    | Found Feutifi's Antique Weapon Boutique.
 29401 | Orc:2    | Noticed Maurice
 29421 | Orc:2    | Killed Maurice
 29842 | Orc:2    | Found a staircase to the Elven Halls.
 29842 | Orc:2    | Noticed Nessos
 29849 | Orc:2    | Killed Nessos
 29919 | Orc:2    | Found Xymn's Antique Armour Emporium.
 29927 | Orc:2    | Found Hyorph's Antique Weapon Shoppe.
 30035 | Elf:1    | Entered Level 1 of the Elven Halls
 30067 | Elf:1    | Identified the +8 trident "Cammogri" {vorpal, *Rage rPois
                  | Will+++ Str+2}
 30163 | Elf:1    | Identified the Tome of the Modern Seas
 30356 | Elf:1    | Identified the +0 flail of Holesih {vorpal, Fly rF+ Int-4
                  | Stlth+}
 31346 | Elf:2    | Found a huge runed translucent gate.
 31346 | Elf:2    | Found a huge runed translucent gate.
 31346 | Elf:2    | Found a huge runed translucent gate.
 31346 | Elf:2    | Found a huge runed translucent gate.
 31346 | Elf:2    | Found a huge runed translucent gate.
 31538 | Elf:3    | Entered Level 3 of the Elven Halls
 31930 | Orc:2    | Bought the +3 Elemental Staff {rElec rF++ rC++ AC+5} for
                  | 2162 gold pieces
 31930 | Orc:2    | Found the +3 Elemental Staff {rElec rF++ rC++ AC+5}
 32111 | Elf:3    | Reached skill level 1 in Staves
 32246 | Elf:3    | Reached skill level 10 in Dodging
 32261 | Elf:3    | Noticed a deep elf blademaster
 32280 | Elf:3    | Noticed a deep elf master archer
 32292 | Elf:3    | Killed a deep elf blademaster
 32295 | Elf:3    | Noticed a deep elf blademaster
 32306 | Elf:3    | Killed a deep elf blademaster
 32307 | Elf:3    | Reached XP level 19. HP: 101/165 MP: 36/36
 32336 | Elf:3    | Identified the cursed +4 troll leather armour of the
                  | Eternal Omen {Regen+, Elem, Melee} (You found it on level
                  | 10 of the Dungeon)
 32470 | Elf:3    | Noticed a deep elf blademaster
 32484 | Elf:3    | Killed a deep elf blademaster
 32568 | Elf:3    | Cast into level 2 of the Abyss (a deep elf sorcerer)
 32568 | Abyss:2  | Identified the +2 robe of the Soft God {Int+3}
 32793 | Abyss:2  | Found a corrupted altar of Lugonu.
 32929 | Elf:3    | Escaped the Abyss
 33043 | Elf:3    | Identified the amulet of Zeigol {Faith Dex+4}
 33059 | Elf:3    | Reached skill level 5 in Staves
 33059 | Elf:3    | Identified the +5 falchion of Agony {vorpal, Int+3}
 33069 | Elf:3    | Identified the +1 plate armour "Leilygh" {Str+4}
 33069 | Elf:3    | Identified the ring of Exyf {MP+9 EV+4 Int+6 Dex-3}
 33075 | Elf:3    | Identified the Grimoire of the Birds
 33077 | Elf:3    | Identified the ring of Hyotunko {Drain Fly rPois rCorr
                  | Str+6}
 33077 | Elf:3    | Identified the +1 robe "Malos" {rCorr Str+3 Dex+2 Slay+2}
 33077 | Elf:3    | Identified the ring of Awadyugu {rElec Will++ SInv}
 33080 | Elf:3    | Noticed Saint Roka
 33082 | Elf:3    | Identified the amulet of Muxemudu {RegenMP Will+ Dex+4}
 33105 | Elf:3    | Noticed a deep elf blademaster
 33145 | Elf:3    | Identified the +1 hand axe "Jirchual" {freeze, rElec}
 33146 | Elf:3    | Identified the +4 fustibalus of the Reaper {venom, Drain
                  | Str+7}
 33179 | Elf:3    | Killed a deep elf blademaster
 33261 | Elf:3    | Killed Saint Roka
 33266 | Elf:3    | Identified the +7 hand crossbow of Makhleb's Favour {speed,
                  | rPois rN++ Str+4}
 34199 | Snake:1  | Entered Level 1 of the Snake Pit
 34318 | Snake:1  | Found a glowing silver altar of Zin.
 36270 | Snake:2  | Found Alaefuv's Jewellery Boutique.
 36270 | Snake:2  | Found Nipeat's Book Emporium.
 36271 | Snake:2  | Found Aqyereg's Jewellery Boutique.
 36275 | Snake:2  | Reached XP level 20. HP: 176/176 MP: 38/38
 36297 | Snake:2  | Bought the amulet of the Four Winds {rN+ Will+++ Clar} for
                  | 658 gold pieces
 36297 | Snake:2  | Found the amulet of the Four Winds {rN+ Will+++ Clar}
 37312 | Snake:4  | Entered Level 4 of the Snake Pit
 37312 | Snake:4  | Found Raopt's Jewellery Shop.
 37749 | Snake:4  | Noticed Asterion
 37769 | Snake:4  | Killed Asterion
 37854 | Snake:4  | Found Teynwaru's Jewellery Shop.
 37945 | Snake:4  | Reached skill level 15 in Dodging
 38415 | Snake:4  | Got a serpentine rune of Zot
 38889 | Snake:4  | Reached skill level 20 in Shields
 39241 | Shoals:1 | Entered Level 1 of the Shoals
 39248 | Shoals:1 | Learned a level 5 spell: Borgnjor's Vile Clutch
 39249 | Shoals:1 | Found a frozen archway.
 39268 | IceCv    | Entered an ice cave
 39367 | IceCv    | Acquired 1003 gold pieces
 39407 | IceCv    | Reached skill level 1 in Necromancy
 39478 | IceCv    | Reached XP level 21. HP: 165/175 MP: 39/39
 39602 | IceCv    | Learned a level 5 spell: Irradiate
 39881 | Shoals:1 | Reached skill level 1 in Conjurations
 40924 | Shoals:2 | Identified Roxanne's Volume of Stones
 40924 | Shoals:2 | Noticed Roxanne
 40971 | Shoals:2 | Killed Roxanne
 40984 | Shoals:2 | Learned a level 9 spell: Shatter
 41413 | Shoals:3 | You fall into a shaft and drop 1 floor!
 41413 | Shoals:4 | Entered Level 4 of the Shoals
 41519 | Shoals:3 | Identified the +7 quarterstaff "Ubuotuv" {spect, Will+}
 41903 | Shoals:3 | Identified the +6 scale mail "Rilyu" {rPois MP+9 Str+4
                  | Stlth+}
 42075 | Shoals:3 | Found a runed translucent door.
 42678 | Shoals:4 | Reached skill level 15 in Earth Magic
 42709 | Shoals:4 | Identified the +0 chain mail "Ytuvau" {rC+ Str+2 Int-2
                  | Stlth+}
 43129 | Shoals:4 | Reached skill level 21 in Shields
 43133 | Shoals:4 | Gained mutation: You sometimes lose the ability to read
                  | scrolls when taking damage. [mutagenic glow]
 43151 | Shoals:4 | Gained mutation: You do not regenerate when monsters are
                  | visible. [mutagenic glow]
 43179 | Shoals:4 | Got a barnacled rune of Zot
 43181 | Shoals:4 | Lost mutation: You do not regenerate when monsters are
                  | visible. [potion of mutation]
 43181 | Shoals:4 | Lost mutation: You sometimes lose the ability to read
                  | scrolls when taking damage. [potion of mutation]
 43181 | Shoals:4 | Gained mutation: You have very sharp teeth. [potion of
                  | mutation]
 43181 | Shoals:4 | Gained mutation: You do not regenerate when monsters are
                  | visible. [potion of mutation]
 43181 | Shoals:4 | Gained mutation: Your muscles are strong. (Str +2) [potion
                  | of mutation]
 43182 | Shoals:4 | Lost mutation: Your muscles are strong. (Str +2) [potion of
                  | mutation]
 43182 | Shoals:4 | Lost mutation: You have very sharp teeth. [potion of
                  | mutation]
 43182 | Shoals:4 | Gained mutation: You sometimes lose the ability to read
                  | scrolls when taking damage. [potion of mutation]
 43182 | Shoals:4 | Gained mutation: You have large cloven feet. [potion of
                  | mutation]
 43183 | Shoals:4 | Lost mutation: You have large cloven feet. [potion of
                  | mutation]
 43183 | Shoals:4 | Lost mutation: You sometimes lose the ability to read
                  | scrolls when taking damage. [potion of mutation]
 43183 | Shoals:4 | Lost mutation: You do not regenerate when monsters are
                  | visible. [potion of mutation]
 43183 | Shoals:4 | Gained mutation: You are covered in fur. (AC +1) [potion of
                  | mutation]
 43183 | Shoals:4 | Gained mutation: Your body sometimes deteriorates upon
                  | taking damage. [potion of mutation]
 43183 | Shoals:4 | Gained mutation: Your body often deteriorates upon taking
                  | damage. [potion of mutation]
 43184 | Shoals:4 | Lost mutation: You are covered in fur. (AC +1) [potion of
                  | mutation]
 43184 | Shoals:4 | Lost mutation: Your body often deteriorates upon taking
                  | damage. [potion of mutation]
 43184 | Shoals:4 | Lost mutation: Your body sometimes deteriorates upon taking
                  | damage. [potion of mutation]
 43184 | Shoals:4 | Gained mutation: You are strong-willed. (Will+) [potion of
                  | mutation]
 43184 | Shoals:4 | Gained mutation: You are agile. (Dex +2) [potion of
                  | mutation]
 43840 | Vaults:1 | Entered Level 1 of the Vaults
 43988 | Vaults:1 | Noticed Donald
 44020 | Vaults:1 | Killed Donald
 44025 | Vaults:1 | Reached XP level 22. HP: 143/184 MP: 38/38
 44424 | Vaults:1 | Reached skill level 5 in Conjurations
 44440 | Vaults:1 | Reached ****** piety under Ashenzari
 44447 | Vaults:1 | Found a magical portal.
 44480 | WizLab   | Entered Lehudib's Moon Base
 44529 | WizLab   | Found a transporter.
 44529 | WizLab   | Identified the ring of Quoqassaa {rElec rPois Dex+3 Stlth-}
 44762 | WizLab   | Reached skill level 10 in Evocations
 44849 | WizLab   | Gained mutation: Potions are less effective at restoring
                  | your health. [a neqoxec]
 44865 | WizLab   | Identified the ring "Jacrust" {Drain rC+ EV+4 Str+3}
 45086 | WizLab   | Found a transporter.
 45319 | WizLab   | Found the +2 Maxwell's thermic engine {flame, freeze}
 45588 | WizLab   | Reached skill level 10 in Spellcasting
 45941 | Vaults:1 | Identified the +7 mace of Loahasur {distort, rCorr Str+2}
 46329 | Vaults:2 | Reached skill level 22 in Shields
 46382 | Vaults:2 | Reached XP level 23. HP: 192/199 MP: 31/43
 47014 | Vaults:2 | Noticed Jory
 47021 | Vaults:2 | Gained mutation: Your magical capacity is low. (-10% MP)
                  | [mutagenic glow]
 47023 | Vaults:2 | Killed Jory
 47253 | Vaults:2 | Found a runed translucent door.
 47255 | Vaults:2 | Noticed royokou's ghost (adept MeEE)
 47265 | Vaults:2 | Found Bementiph's Assorted Antiques.
 47456 | Vaults:2 | Found a staircase to the Crypt.
 48141 | Vaults:3 | Reached skill level 23 in Shields
 48277 | Vaults:3 | Reached skill level 10 in Armour
 48469 | Vaults:3 | Identified the +7 hand axe of the Sixty-Six Priests {venom,
                  | rPois rF+ Will+}
 48711 | Vaults:3 | Reached XP level 24. HP: 191/208 MP: 39/39
 48995 | Vaults:4 | Found Gokorupa's Antique Armour Emporium.
 49110 | Vaults:4 | Found Negyqy's Antique Armour Shop.
 49737 | Vaults:4 | Found Ibry's Armour Shop.
 50079 | Vaults:4 | Found Yqadacao's Weapon Boutique.
 50206 | Vaults:5 | Entered Level 5 of the Vaults
 50208 | Vaults:5 | Reached skill level 24 in Shields
 50208 | Vaults:5 | Noticed a golden dragon
 50209 | Vaults:5 | Identified the +2 ring mail of Oruvom {Str+4}
 50254 | Vaults:4 | Killed a golden dragon
 50258 | Vaults:4 | Reached skill level 25 in Shields
 50423 | Vaults:4 | Reached XP level 25. HP: 205/214 MP: 38/41
 50729 | Vaults:5 | Noticed Bai Suzhen
 50770 | Vaults:4 | Killed Bai Suzhen
 50904 | Vaults:5 | Reached skill level 26 in Shields
 51077 | Vaults:5 | Identified the +8 hand crossbow "Bobeovve" {freeze, Fragile
                  | rN+ rCorr Dex+2}
 51085 | Vaults:5 | Identified the +7 long sword "Kexzuer" {vorpal, rElec rF+
                  | rC+ Dex+2}
 51085 | Vaults:5 | Identified the ring of Stoicism {rCorr Dex+6 Stlth+}
 51093 | Vaults:5 | Reached skill level 15 in Spellcasting
 51116 | Vaults:5 | Got a silver rune of Zot
 51302 | Vaults:5 | Identified the ring "Juviu" {rElec rN++ AC+4}
 51404 | Vaults:5 | Identified the ring of the Saviour {rF+ MP+9 Dex+6}
 51428 | Vaults:5 | Identified the +4 hunting sling of Crusades {speed, Int+6}
 51557 | Vaults:5 | Identified the +3 great sword of an ossuary {drain, rElec
                  | Int+5}
 51557 | Vaults:5 | Identified the +4 fire dragon scales of Gozag {rF++ rC-
                  | Will+ Regen+ Dex-3}
 51671 | Vaults:5 | Identified the +9 hand axe "Luozot" {vorpal, rElec Str+2
                  | Int+2 Dex+3}
 51858 | Vaults:5 | Identified the ring "Xabejer" {+Blink rElec Will- Str+2
                  | Int+6}
 52107 | Vaults:5 | Identified the +2 hand axe of the Ecumenical Temple {speed,
                  | rC+ rN+}
 52374 | Depths:1 | Entered Level 1 of the Depths
 52571 | Depths:1 | Reached skill level 15 in Fighting
 52780 | Depths:1 | Reached XP level 26. HP: 222/222 MP: 44/44
 52929 | Depths:1 | Found a gateway to Hell.
 53130 | Depths:1 | Identified the +7 long sword of Lutoj {flame, rPois rCorr}
 53135 | Depths:1 | Found Kanytacs's Antique Armour Shop.
 53138 | Depths:1 | Found Hyptab's General Store.
 53139 | Depths:1 | Found Xuelynni's Weapon Boutique.
 53150 | Depths:1 | Found Sierpher's Distillery.
 53153 | Depths:1 | Bought a scroll of magic mapping for 49 gold pieces
 53153 | Depths:1 | Bought a scroll of immolation for 49 gold pieces
 53156 | Depths:1 | Bought a potion of curing for 54 gold pieces
 53156 | Depths:1 | Bought a potion of curing for 54 gold pieces
 53156 | Depths:1 | Bought a potion of heal wounds for 90 gold pieces
 53156 | Depths:1 | Bought a potion of resistance for 180 gold pieces
 53156 | Depths:1 | Bought a potion of mutation for 144 gold pieces
 53156 | Depths:1 | Bought a potion of brilliance for 72 gold pieces
 53316 | Depths:1 | Reached skill level 27 in Shields
 53391 | Depths:1 | Lost mutation: Your magical capacity is low. (-10% MP)
                  | [potion of mutation]
 53391 | Depths:1 | Lost mutation: You are strong-willed. (Will+) [potion of
                  | mutation]
 53391 | Depths:1 | Lost mutation: Potions are less effective at restoring your
                  | health. [potion of mutation]
 53391 | Depths:1 | Gained mutation: You occasionally shout uncontrollably at
                  | your foes. [potion of mutation]
 53391 | Depths:1 | Gained mutation: You are very agile. (Dex +4) [potion of
                  | mutation]
 53391 | Depths:1 | Gained mutation: Your system is resistant to poisons.
                  | (rPois) [potion of mutation]
 53391 | Depths:1 | Gained mutation: Your flesh is cold resistant. (rC+)
                  | [potion of mutation]
 53851 | Depths:2 | Found a one-way gate leading to the halls of Pandemonium.
 54016 | Depths:2 | Found a one-way gate to the infinite horrors of the Abyss.
 54024 | Depths:2 | Found a one-way gateway to a ziggurat.
 54254 | Depths:2 | Noticed an ancient lich
 54256 | Depths:2 | Identified the +2 hunting sling "Dell" {vorpal, Fragile
                  | rPois Int+2}
 54257 | Depths:2 | Identified the +3 trident of Heqyu {freeze, Contam rElec
                  | rCorr}
 54257 | Depths:2 | Identified the +1 ring mail "Podud" {rElec}
 54258 | Depths:2 | Identified the +3 pair of gloves of Qiewkir {Will+++ Str+2}
 54265 | Depths:2 | Found a runed door.
 54314 | Depths:2 | You are sucked into a shaft and drop 1 floor!
 55326 | Depths:2 | Killed an ancient lich
 55394 | Depths:2 | Acquired 684 gold pieces
 56651 | Depths:3 | Reached XP level 27. HP: 228/228 MP: 48/48
 56811 | Depths:3 | Identified the +0 scale mail "Naqith" {rElec Will++ Int+4
                  | Slay-2}
 57045 | Depths:4 | Entered Level 4 of the Depths
 57089 | Depths:4 | Found an iron altar of Okawaru.
 57803 | Depths:4 | Found a runed translucent door.
 57807 | Depths:4 | Found a runed translucent door.
 57817 | Depths:4 | Found a runed translucent door.
 57861 | Depths:4 | Found a runed translucent door.
 57964 | Depths:4 | Found a runed translucent door.
 57965 | Depths:4 | Found a runed translucent door.
 57980 | Depths:4 | Found a gate to the Realm of Zot.
 58002 | Depths:4 | Reached skill level 1 in Ice Magic
 58631 | Zig:1    | Entered Level 1 of a ziggurat
 58708 | Zig:2    | Entered Level 2 of a ziggurat
 58709 | Zig:2    | Noticed a royal mummy
 58713 | Zig:2    | Killed a royal mummy
 58736 | Zig:2    | Learned a level 9 spell: Polar Vortex
 58795 | Zig:3    | Entered Level 3 of a ziggurat
 58836 | Zig:4    | Entered Level 4 of a ziggurat
 58838 | Zig:4    | Noticed Aqafuz the pandemonium lord
 58851 | Zig:4    | Killed Aqafuz the pandemonium lord
 58975 | Zig:5    | Entered Level 5 of a ziggurat
 59017 | Zig:6    | Entered Level 6 of a ziggurat
 59058 | Zig:7    | Entered Level 7 of a ziggurat
 59064 | Zig:7    | Identified the +5 shortbow "Gaveost" {speed, Str+2}
 59064 | Zig:7    | Identified the ring of Layz {Drain rElec rPois rC+++ Int+6}
 59065 | Zig:7    | Noticed a dread lich
 59065 | Zig:7    | Noticed a dread lich
 59065 | Zig:7    | Identified the ring of Autumn {*Slow rF+ rCorr Str+2}
 59067 | Zig:7    | Killed a dread lich
 59068 | Zig:7    | Killed a dread lich
 59097 | Zig:8    | Entered Level 8 of a ziggurat
 59103 | Zig:8    | Identified the +1 buckler of Abstinence {Harm rF++ Str-5
                  | Int+4}
 59104 | Zig:8    | Identified the +1 scale mail of Parts Unknown {rF+ Regen+
                  | Str+3}
 59104 | Zig:8    | Identified the +1 robe of Whack-A-Mole {rCorr Str+4}
 59105 | Zig:8    | Identified Witchcraft Continued
 59181 | Zig:9    | Entered Level 9 of a ziggurat
 59192 | Zig:9    | Identified the +3 trident "Grim Tooth" {protect, Str+3}
 59192 | Zig:9    | Identified the +5 plate armour of Wisdom {Fly}
 59197 | Zig:9    | Identified Imeep's Papyrus of Shifting Attacks
 59246 | Zig:10   | Entered Level 10 of a ziggurat
 59254 | Zig:10   | Identified the Tome of the Torrid Mountains
 59255 | Zig:10   | Noticed a Killer Klown
 59255 | Zig:10   | Identified the amulet "Hecw" {rPois Regen+ Int+4}
 59256 | Zig:10   | Noticed a Killer Klown
 59256 | Zig:10   | Identified the +0 leather armour of the Will of the Gods
                  | {Harm rPois rF- Regen+}
 59256 | Zig:10   | Noticed Ucutacw the pandemonium lord
 59257 | Zig:10   | Noticed Doda the pandemonium lord
 59257 | Zig:10   | Noticed a Killer Klown
 59259 | Zig:10   | Reached skill level 10 in Ice Magic
 59259 | Zig:10   | Killed a Killer Klown
 59260 | Zig:10   | Killed a Killer Klown
 59260 | Zig:10   | Killed a Killer Klown
 59260 | Zig:10   | Killed Doda the pandemonium lord
 59266 | Zig:10   | Killed Ucutacw the pandemonium lord
 59267 | Zig:10   | Identified the +9 broad axe of Extremism {spect, Int+6}
 59311 | Zig:11   | Entered Level 11 of a ziggurat
 59323 | Zig:11   | Identified the Compendium of Ashen Confrontation
 59323 | Zig:11   | Identified the +2 pair of gloves "Mohaq" {rF- rC+ Will+++
                  | Str+2}
 59324 | Zig:11   | Gained mutation: You are dopey. (Int -2) [a shining eye]
 59326 | Zig:11   | Identified the +5 plate armour "Qioxerph" {Rampage rC+ rN+}
 59326 | Zig:11   | Identified the +1 chain mail of Axeif {-Cast rElec Will+
                  | Stlth+}
 59356 | Zig:12   | Entered Level 12 of a ziggurat
 59366 | Zig:12   | Identified the +6 flail of Buigrem {drain, Will+ Str+6}
 59368 | Zig:12   | Identified the amulet "Pabre" {Spirit rC+}
 59372 | Zig:12   | Found the brooch of Shielding {Spirit SH+8}
 59443 | Zig:13   | Entered Level 13 of a ziggurat
 59456 | Zig:13   | Identified the +8 dagger of Gatug {vorpal, rN+ SInv Stlth+}
 59456 | Zig:13   | Identified the ring "Lych" {Wiz Drain rPois rCorr Int+5
                  | SInv}
 59461 | Zig:13   | Identified the +5 mace of Experimentation {venom, Fly rF+}
 59531 | Zig:14   | Entered Level 14 of a ziggurat
 59546 | Zig:14   | Identified the Papyrus of Vitriolic Lightness
 59546 | Zig:14   | Identified the +1 chain mail of Gravity {Rampage}
 59547 | Zig:14   | Identified the amulet of Aseq {Reflect rElec rF+ rC+ Regen+
                  | SH+5}
 59590 | Zig:15   | Entered Level 15 of a ziggurat
 59598 | Zig:15   | Noticed Dononi the pandemonium lord
 59599 | Zig:15   | Noticed a Killer Klown
 59599 | Zig:15   | Noticed Orontow the pandemonium lord
 59599 | Zig:15   | Noticed Ufrik the pandemonium lord
 59601 | Zig:15   | Noticed Coucviu the pandemonium lord
 59602 | Zig:15   | Noticed a Killer Klown
 59604 | Zig:15   | Killed a Killer Klown
 59604 | Zig:15   | Noticed a Killer Klown
 59606 | Zig:15   | Killed Dononi the pandemonium lord
 59606 | Zig:15   | Noticed Esteyclare the pandemonium lord
 59606 | Zig:15   | Noticed a Killer Klown
 59613 | Zig:15   | Killed Ufrik the pandemonium lord
 59616 | Zig:15   | Killed a Killer Klown
 59617 | Zig:15   | Killed a Killer Klown
 59618 | Zig:15   | Killed a Killer Klown
 59618 | Zig:15   | Killed Orontow the pandemonium lord
 59622 | Zig:15   | Killed Esteyclare the pandemonium lord
 59632 | Zig:15   | Killed Coucviu the pandemonium lord
 59802 | Zig:15   | Identified the +0 troll leather armour of Qazlal's
                  | Felicitations {rF+ Regen+ Slay+3}
 59802 | Zig:15   | Identified the +4 fustibalus "Ukoreatt" {venom, *Slow Fly
                  | rElec SInv}
 59842 | Zig:16   | Entered Level 16 of a ziggurat
 59864 | Zig:16   | Identified the ring "Asoq" {rN+ Dex+5}
 60030 | Zig:17   | Entered Level 17 of a ziggurat
 60072 | Zig:17   | Gained mutation: Your body sometimes deteriorates upon
                  | taking damage. [a shining eye]
 60074 | Zig:17   | Lost mutation: You are very agile. (Dex +4) [a shining eye]
 60077 | Zig:17   | Lost mutation: You are agile. (Dex +2) [a shining eye]
 60078 | Zig:17   | Gained mutation: You are frail. (-10% HP) [a shining eye]
 60116 | Zig:17   | Reached skill level 15 in Ice Magic
 60119 | Zig:17   | Gained mutation: You sometimes lose the ability to read
                  | scrolls when taking damage. [a shining eye]
 60120 | Zig:17   | Gained mutation: You are clumsy. (Dex -2) [a shining eye]
 60131 | Zig:17   | Noticed a dread lich
 60131 | Zig:17   | Gained mutation: Your body often deteriorates upon taking
                  | damage. [a shining eye]
 60134 | Zig:17   | Killed a dread lich
 60137 | Zig:17   | Gained mutation: Armour fits poorly on your strangely
                  | shaped body. [a shining eye]
 60146 | Zig:17   | Identified the Reference Book on Transmutation and
                  | Bewitchment
 60146 | Zig:17   | Found the +7 great mace "Firestarter" {inner flame, rF++}
 60147 | Zig:17   | Identified Rymuvic's Reference Book on Dusty Transformation
 60181 | Zig:17   | Lost mutation: You are dopey. (Int -2) [potion of mutation]
 60181 | Zig:17   | Lost mutation: You occasionally shout uncontrollably at
                  | your foes. [potion of mutation]
 60181 | Zig:17   | Gained mutation: Your flesh is heat resistant. (rF+)
                  | [potion of mutation]
 60182 | Zig:17   | Lost mutation: You sometimes lose the ability to read
                  | scrolls when taking damage. [potion of mutation]
 60182 | Zig:17   | Lost mutation: You are clumsy. (Dex -2) [potion of
                  | mutation]
 60182 | Zig:17   | Gained mutation: You occasionally shout uncontrollably at
                  | your foes. [potion of mutation]
 60183 | Zig:17   | Lost mutation: Your flesh is heat resistant. (rF+) [potion
                  | of mutation]
 60183 | Zig:17   | Lost mutation: Your flesh is cold resistant. (rC+) [potion
                  | of mutation]
 60183 | Zig:17   | Gained mutation: You do not regenerate when monsters are
                  | visible. [potion of mutation]
 60183 | Zig:17   | Gained mutation: Your spells are a little easier to cast,
                  | but a little less powerful. [potion of mutation]
 60184 | Zig:17   | Lost mutation: You are frail. (-10% HP) [potion of
                  | mutation]
 60184 | Zig:17   | Lost mutation: You occasionally shout uncontrollably at
                  | your foes. [potion of mutation]
 60184 | Zig:17   | Gained mutation: Your muscles are strong. (Str +2) [potion
                  | of mutation]
 60184 | Zig:17   | Gained mutation: You are clumsy. (Dex -2) [potion of
                  | mutation]
 60185 | Zig:17   | Lost mutation: Your spells are a little easier to cast, but
                  | a little less powerful. [potion of mutation]
 60185 | Zig:17   | Lost mutation: You are clumsy. (Dex -2) [potion of
                  | mutation]
 60185 | Zig:17   | Lost mutation: Your system is resistant to poisons. (rPois)
                  | [potion of mutation]
 60185 | Zig:17   | Gained mutation: Your system is resistant to poisons.
                  | (rPois) [potion of mutation]
 60185 | Zig:17   | Gained mutation: Your spells are a little easier to cast,
                  | but a little less powerful. [potion of mutation]
 60185 | Zig:17   | Gained mutation: You have sharp toenails. [potion of
                  | mutation]
 60186 | Zig:17   | Lost mutation: Armour fits poorly on your strangely shaped
                  | body. [potion of mutation]
 60186 | Zig:17   | Lost mutation: Your body often deteriorates upon taking
                  | damage. [potion of mutation]
 60186 | Zig:17   | Lost mutation: You have sharp toenails. [potion of
                  | mutation]
 60186 | Zig:17   | Gained mutation: You are strong-willed. (Will+) [potion of
                  | mutation]
 60186 | Zig:17   | Gained mutation: Your mind is acute. (Int +2) [potion of
                  | mutation]
 60187 | Zig:17   | Lost mutation: You are strong-willed. (Will+) [potion of
                  | mutation]
 60187 | Zig:17   | Lost mutation: Your system is resistant to poisons. (rPois)
                  | [potion of mutation]
 60187 | Zig:17   | Gained mutation: Your system is resistant to poisons.
                  | (rPois) [potion of mutation]
 60187 | Zig:17   | Gained mutation: You are robust. (+10% HP) [potion of
                  | mutation]
 60188 | Zig:17   | Lost mutation: Your mind is acute. (Int +2) [potion of
                  | mutation]
 60188 | Zig:17   | Lost mutation: You are robust. (+10% HP) [potion of
                  | mutation]
 60188 | Zig:17   | Lost mutation: Your system is resistant to poisons. (rPois)
                  | [potion of mutation]
 60188 | Zig:17   | Gained mutation: You are frail. (-10% HP) [potion of
                  | mutation]
 60188 | Zig:17   | Gained mutation: Your magical capacity is low. (-10% MP)
                  | [potion of mutation]
 60188 | Zig:17   | Gained mutation: You have large cloven feet. [potion of
                  | mutation]
 60190 | Zig:17   | Lost mutation: You have large cloven feet. [potion of
                  | mutation]
 60190 | Zig:17   | Lost mutation: You do not regenerate when monsters are
                  | visible. [potion of mutation]
 60190 | Zig:17   | Lost mutation: Your body sometimes deteriorates upon taking
                  | damage. [potion of mutation]
 60191 | Zig:17   | Lost mutation: Your magical capacity is low. (-10% MP)
                  | [potion of mutation]
 60191 | Zig:17   | Lost mutation: Your muscles are strong. (Str +2) [potion of
                  | mutation]
 60191 | Zig:17   | Gained mutation: You occasionally shout uncontrollably at
                  | your foes. [potion of mutation]
 60191 | Zig:17   | Gained mutation: You are strong-willed. (Will+) [potion of
                  | mutation]
 60192 | Zig:17   | Lost mutation: You are strong-willed. (Will+) [potion of
                  | mutation]
 60192 | Zig:17   | Lost mutation: Your spells are a little easier to cast, but
                  | a little less powerful. [potion of mutation]
 60192 | Zig:17   | Gained mutation: You are agile. (Dex +2) [potion of
                  | mutation]
 60192 | Zig:17   | Gained mutation: You are partially covered in large bone
                  | plates. (SH +4) [potion of mutation]
 60192 | Zig:17   | Gained mutation: You have large cloven feet. [potion of
                  | mutation]
 60193 | Zig:17   | Lost mutation: You occasionally shout uncontrollably at
                  | your foes. [potion of mutation]
 60193 | Zig:17   | Lost mutation: You are partially covered in large bone
                  | plates. (SH +4) [potion of mutation]
 60193 | Zig:17   | Lost mutation: You are agile. (Dex +2) [potion of mutation]
 60193 | Zig:17   | Gained mutation: You are dopey. (Int -2) [potion of
                  | mutation]
 60193 | Zig:17   | Gained mutation: Your muscles are strong. (Str +2) [potion
                  | of mutation]
 60193 | Zig:17   | Lost mutation: You are dopey. (Int -2) [potion of mutation]
 60193 | Zig:17   | Gained mutation: You are partially covered in iridescent
                  | scales. (AC +2) [potion of mutation]
 60194 | Zig:17   | Lost mutation: You are frail. (-10% HP) [potion of
                  | mutation]
 60194 | Zig:17   | Lost mutation: You have large cloven feet. [potion of
                  | mutation]
 60194 | Zig:17   | Lost mutation: Your muscles are strong. (Str +2) [potion of
                  | mutation]
 60194 | Zig:17   | Gained mutation: Your flesh is heat resistant. (rF+)
                  | [potion of mutation]
 60194 | Zig:17   | Gained mutation: Armour fits poorly on your strangely
                  | shaped body. [potion of mutation]
 60194 | Zig:17   | Gained mutation: You are mostly covered in iridescent
                  | scales. (AC +4) [potion of mutation]
 60220 | Zig:17   | Identified the cursed +2 cloak "Shackled Oracle" {rCorr,
                  | Melee, Elem} (You took it off Maurice on level 2 of the
                  | Orcish Mines)
 60231 | Zig:18   | Entered Level 18 of a ziggurat
 60322 | Zig:19   | Entered Level 19 of a ziggurat
 60347 | Zig:19   | Noticed an ancient lich
 60349 | Zig:19   | Killed an ancient lich
 60352 | Zig:19   | Identified the +5 long sword "Geboiwkebuc" {flame, rCorr
                  | Str+2}
 60484 | Zig:20   | Entered Level 20 of a ziggurat
 60628 | Zig:20   | HP: 11/249 [constriction (6)]
 60918 | Zig:20   | Identified the +10 morningstar of Lotirph {protect, Str+6
                  | Int+2}
 60920 | Zig:20   | Identified the +5 morningstar "Fatsaeq" {venom, rElec}
 60920 | Zig:20   | Identified the ring "Hemyrorr" {rF+ Int+6}
 60960 | Zig:21   | Entered Level 21 of a ziggurat
 60982 | Zig:21   | Noticed a royal mummy
 60982 | Zig:21   | Noticed a royal mummy
 60983 | Zig:21   | Noticed a royal mummy
 60984 | Zig:21   | Noticed a royal mummy
 60984 | Zig:21   | Identified the amulet "Xoarumaw" {Faith MP+9}
 60984 | Zig:21   | Identified Sif Muna's Reference Book on Execration and
                  | Dislocation
 60985 | Zig:21   | Noticed a royal mummy
 60987 | Zig:21   | Killed a royal mummy
 60987 | Zig:21   | Killed a royal mummy
 60987 | Zig:21   | HP: 10/249 [torment (6)]
 60987 | Zig:21   | Killed from afar by a royal mummy

Illustrated notes

Levels and vault maps discovered:
D:1:      dpeg_arrival_windows_large_door, layout_rooms
D:2:      layout_loops_ring, basic_altar, shapermc_ecumenical_altar_rom_forum,
          minivault_24, minmay_tall_x, uniq_robin
D:3:      layout_basic, grunt_gozag_statues, patterned_corridor
D:4:      layout_cave_pools, minmay_bent
D:5:      minmay_clustersquares, layout_loops_cross, old_standard_altar,
          mainiacjoe_overflow_boulevard
D:6:      layout_gridville, makhleb_grotto_becter, amcnicky_altar_gilded,
          serial_shops, shop, minmay_circle_x
D:7:      kennysheep_six_static_rooms, layout_basic, mainiacjoe_overflow_paths,
          mainiacjoe_overflow_small_starburst,
          minmay_temple_entry_gardened_gates, uniq_joseph, uniq_maggie,
          uniq_menkaure, uniq_pikel
D:8:      layout_basic, gammafunk_temple_overflow_claw, elyvilon_altar_4,
          due_lair_maze_entry_diamond, hellmonk_guarded_unrand_zhor
D:9:      layout_stronghold, jmf_multi_god_temple2
D:10:     minmay_the_grid_3x3 [minmay_the_grid_tiny_cups, minmay_the_grid_doors,
          minmay_the_grid_broken_lines, minmay_the_grid_expand,
          minmay_the_grid_minigrid_medium, minmay_the_grid_armoury,
          minmay_the_grid_tree, minmay_the_grid_all_tris,
          minmay_the_grid_prize_four_corners], layout_layer_cave,
          enter_bailey_5, nicolae_trove_entry_crystal
D:11:     layout_loops_corners, orc_0_dummy, nrook_mini_vaults, pond,
          uniq_erolcha, uniq_josephine
D:12:     layout_irregular_city, serial_shops, shop
D:13:     layout_rooms
D:14:     layout_roguey, grunt_vaults_entry_fortified, zin_academy, uniq_louise
D:15:     hangedman_slaughterboxes
Temple:   nicolae_temple_figure_zero
Lair:1:   layout_cave_pods
Lair:2:   layout_misc_corridors, minmay_shoals_entry_beasts,
          minmay_snake_entry_six_corridors, minmay_holes, serial_bayou_pond_b,
          beast_lair_carwin_11
Lair:3:   layout_cave_shapes, grunt_forest_stairs_basic
Lair:4:   layout_layer_cave, lemuel_fruit_tree
Lair:5:   layout_loops_ring, slime_altar_2, grunt_megastairs_3
Lair:6:   minmay_lair_end_enchanted_forest, layout_small_grid
Shoals:1: layout_shoals, portal_ice_cave_entry_ice_statue_one
Shoals:2: layout_shoals, uniq_roxanne
Shoals:3: layout_shoals, lightli_airlock
Shoals:4: shoals_end_hangedman, layout_shoals
Snake:1:  layout_gridlike, serial_bayou, serial_bayou_pond_a,
          serial_bayou_pond_b, serial_bayou_shore_b, serial_bayou_lagoon_b,
          basic_altar
Snake:2:  layout_basic, nicolae_fountain_basement, grunt_megastairs_1,
          minmay_shop_grove
Snake:3:  layout_onion, hangedman_venom_bottle, grunt_megastairs_4,
          serial_bayou_shore_b
Snake:4:  grunt_snake_rune_spirals, layout_onion, serial_shops, shop_statue,
          nicolae_shop_waterfront, uniq_asterion
Orc:1:    layout_caves, serial_shops, nicolae_shop_statue_plus,
          gammafunk_ghost_wrathful_warriors, okawaru_metal_pillars_1_2,
          uniq_harold, uniq_sonja, uniq_urug
Orc:2:    grunt_orc_community_town_hall, layout_diamond_mine,
          grunt_orc_community_big_house_1, grunt_orc_community_big_house_2,
          grunt_orc_community_house_1, grunt_orc_community_house_2,
          grunt_orc_community_house_3, grunt_orc_community_house_2,
          grunt_orc_community_house_1, grunt_orc_community_house_3,
          uniq_maurice, uniq_azrael, uniq_nessos
Elf:1:    minmay_elf_arrival_plus, layout_gridlike, minmay_elf_necromancy,
          minivault_16
Elf:2:    elven_hall_of_blades_hangedman_alternative [nicolae_blade_bullseye],
          layout_rooms
Elf:3:    minmay_elf_hall_circle, layout_gridlike,
          nicolae_elf_variegated_diamond, uniq_saint_roka
Vaults:1: mu_enter_wizlab_5, nicolae_vaults_network_periphery,
          ontoclasm_vaults_chip, nicolae_vaults_big_ls,
          ontoclasm_vaults_loading_screen, hangedman_vaults_impose,
          nicolae_vaults_puzzle_piece, nicolae_vaults_network_barrier,
          grunt_vaults_focal, v_misc_27, nicolae_vaults_specimen_jars,
          vaults_dpeg_diagonal, layout_vaults_omnicross, uniq_donald
Vaults:2: ebering_ghost_reflecting_pool, hangedman_vaults_capsules,
          minmay_crypt_entry_simple_plaza, st_eye, hangedman_vaults_variations,
          ontoclasm_vaults_chip, v_alt_pattern_2, ontoclasm_vaults_fault,
          v_misc_14, layout_vaults_chaotic_city, serial_shops, shop, uniq_jory
Vaults:3: nicolae_vaults_network_quinsquares
          [nicolae_vaults_network_quincunx_subvault,
          nicolae_vaults_network_quincunx_subvault,
          nicolae_vaults_network_quincunx_subvault,
          nicolae_vaults_network_quincunx_subvault], nicolae_vaults_what_the_h,
          nicolae_vaults_little_squares_2, vaults_mumra_minichess,
          dpeg_vaults_pockets_of_resistance, vaults_room_semicircle, v_misc_24,
          v_alt_pattern_1, nicolae_vaults_alarming, v_misc_8,
          ontoclasm_vaults_loading_screen, nicolae_vaults_little_ls,
          layout_vaults_omnibox
Vaults:4: ontoclasm_vaults_gateway, vaults_room_octagon,
          vaults_room_stairs_pillars, ontoclasm_vaults_chip, v_misc_11,
          ontoclasm_vaults_ring_square, v_misc_15, ontoclasm_vaults_ring_square,
          hangedman_vaults_trim, v_misc_22, nicolae_vaults_quartermaster,
          vaults_room_large_hall, vaults_room_hallway,
          ontoclasm_vaults_shuriken, vaults_room_stairs_pillars,
          ontoclasm_vaults_chip, layout_vaults_ring, serial_shops,
          nicolae_shop_window_shopping, shop, shop, shop
Vaults:5: serial_shops, uniq_bai_suzhen
Depths:1: layout_honeycomb, amcnicky_mini_rare_corridor_liquid,
          grunt_metal_band, nicolae_rejected_hall, kennysheep_random_hallway,
          minmay_shoptagon
Depths:2: evilmike_wizard_prison, layout_gridlike, enter_ziggurat_c,
          rand_demon_pan_entry_9, hangedman_abyss_or_decor_clamps,
          pf_hell_entry_tar_river, abyss_entry, infiniplex_staircase_pool_2
Depths:3: dreamdust_hydra_shepherd, layout_basic, abyss_entry, hell_entry,
          grunt_pan_entry_zigzag, nrook_uturn, minmay_staircase_bubble,
          serial_bayou_shore_b, serial_bayou_shore_a
Depths:4: evilmike_zot_entry_castle, layout_gridlike, hell_entry,
          lemuel_tele_altar, grunt_ministairs_6, minmay_misc_feat_doors,
          nrook_kobold_shadow_demons
Zig:21

Skill      XL: |  1  2  3  4  5  6  7  8  9 10 11 12 13 14 15 16 17 18 19 20 21 22 23 24 25 26 27 |
---------------+----------------------------------------------------------------------------------+-----
Fighting       | 3 4 5 8 10 12 14 15 16 23 | 23.3
Dodging        | 2 3 4 5 6 7 8 10 13 15 20 | 20.0
Slings         | 5 |  5.3
Short Blades   | 1 2 3 4 6 8 |  8.1
Stealth        | 2 5 7 10 12 13 | 13.1
Armour         | 5 7 10 11 | 11.0
Shields        | 12 14 16 17 18 19 20 21 22 23 25 26 27 | 27.0
Evocations     | 3 4 6 7 9 11 12 14 | 14.8
Earth Magic    | 6 9 11 12 13 14 15 16 19 21 | 21.0
Spellcasting   | 4 7 8 9 10 11 13 16 17 19 | 19.0
Transmutations | 6 8 10 | 10.0
Axes           | 2 |  2.3
Staves         | 2 7 9 |  9.5
Necromancy     | 1 3 |  3.6
Conjurations   | 4 6 7 |  7.0
Ice Magic      | 18 | 18.5

Action                   |  1- 3 |  4- 6 |  7- 9 | 10-12 | 13-15 | 16-18 | 19-21 | 22-24 | 25-27 || total
-------------------------+-------+-------+-------+-------+-------+-------+-------+-------+-------++-------
Melee: Dagger            |       |     2 |       |       |       |       |       |       |       ||     2
       Quick blade       |       |    77 |   263 |   620 |  1975 |  1715 |  1555 |       |       ||  6205
       Punch             |       |     1 |     7 |     9 |       |       |       |       |       ||    17
       Staff             |       |       |       |       |       |       |   885 |  1281 |  1702 ||  3868
 Fire: Hunting sling     |    58 |    93 |     3 |       |       |       |       |       |       ||   154
 Cast: Statue Form       |       |       |       |       |       |    38 |    48 |     2 |     7 ||    95
       Frozen Ramparts   |       |       |       |       |       |     4 |     3 |       |       ||     7
       Passwall          |       |       |       |       |       |       |     7 |       |       ||     7
       Irradiate         |       |       |       |       |       |       |     8 |    34 |    24 ||    66
       Borgnjor's Vile C |       |       |       |       |       |       |     3 |     3 |       ||     6
       Shatter           |       |       |       |       |       |       |       |    55 |   172 ||   227
       Polar Vortex      |       |       |       |       |       |       |       |       |    12 ||    12
Invok: Curse Item        |       |       |       |     2 |     6 |     3 |     4 |     1 |     2 ||    18
       Shatter the Chain |       |       |       |       |     1 |     2 |     4 |       |     3 ||    10
 Abil: Dig               |     1 |       |     1 |     2 |     5 |     5 |     5 |       |     1 ||    20
       Shaft Self        |       |     1 |       |       |     2 |       |     1 |       |     1 ||     5
       End Transformatio |       |       |       |       |       |     1 |     9 |       |     4 ||    14
Evoke: Wand              |       |       |       |       |     1 |       |     5 |       |     1 ||     7
       Box of beasts     |       |       |       |       |     1 |     1 |     1 |       |     2 ||     5
       Tin of tremorston |       |       |       |       |       |     4 |     7 |       |     4 ||    15
       Condenser vane    |       |       |       |       |       |       |       |       |     3 ||     3
  Use: Scroll            |     2 |     9 |     4 |     8 |       |     8 |     3 |       |     3 ||    37
       Potion            |       |       |     1 |     4 |     1 |     3 |     8 |     4 |    31 ||    52
 Stab: Sleeping          |       |     2 |     2 |    20 |    45 |    47 |    35 |    16 |     5 ||   172
       Invisible         |       |       |     1 |     2 |       |       |       |       |     1 ||     4
       Distracted        |       |       |       |     2 |     3 |     6 |     4 |     3 |     7 ||    25
       Paralysed         |       |       |       |       |       |     2 |       |       |       ||     2
Armor: Leather armour    |     4 |    14 |    36 |       |       |       |       |       |       ||    54
       Swamp dragon scal |       |       |       |    46 |       |       |       |       |       ||    46
       Animal skin       |       |       |       |    48 |   112 |    11 |       |       |       ||   171
       Skin              |       |       |       |       |       |   133 |   220 |     9 |    30 ||   392
       Troll leather arm |       |       |       |       |       |     7 |    70 |   135 |   211 ||   423
Dodge: Dodged            |    13 |    59 |    75 |   167 |   174 |   243 |   776 |   558 |   858 ||  2923
Block: Tower shield      |       |       |       |    65 |  1065 |  1275 |  2637 |  1464 |  2265 ||  8771

Table legend: (Time is in decaauts)
 A = Elapsed time spent in this place.
 B = Non-inter-level travel time spent in this place.
 C = Inter-level travel time spent in this place.
 D = Time resting spent in this place.
 E = Time spent auto-exploring this place.
 F = Levels seen in this place.
 G = Mean time per level.
                   A        B        C        D        E       F      G
               +--------+--------+--------+--------+--------+-----+--------+
         Total |  57742 |  53929 |   3813 |   2728 |  35869 |  69 |  836.8 |
       Dungeon |  18861 |  17059 |   1802 |    775 |  12906 |  15 | 1257.4 |
        Temple |    283 |    273 |     10 |    160 |    111 |   1 |  283.0 |
          Lair |   6711 |   6355 |    356 |    155 |   4994 |   6 | 1118.5 |
        Shoals |   3848 |   3711 |    137 |     75 |   2502 |   4 |  962.0 |
     Snake Pit |   4979 |   4653 |    326 |      0 |   3185 |   4 | 1244.8 |
  Orcish Mines |   2388 |   2164 |    224 |      0 |   1540 |   2 | 1194.0 |
   Elven Halls |   3396 |   3186 |    210 |    180 |   1809 |   3 | 1132.0 |
        Vaults |   7129 |   6638 |    491 |    398 |   4111 |   5 | 1425.8 |
        Depths |   5273 |   5020 |    253 |    190 |   3185 |   4 | 1318.2 |
         Abyss |    305 |    305 |      0 |    122 |      0 |   1 |  305.0 |
      Ziggurat |   2298 |   2298 |      0 |    450 |    561 |  21 |  109.4 |
        Bailey |    740 |    740 |      0 |    221 |    325 |   1 |  740.0 |
      Ice Cave |    414 |    414 |      0 |      0 |     88 |   1 |  414.0 |
        Wizlab |   1108 |   1108 |      0 |      2 |    548 |   1 | 1108.0 |
               +--------+--------+--------+--------+--------+-----+--------+

Top non-repeatable levels by time:
    D:15: 2588 daAuts
     D:7: 2226 daAuts
    D:10: 1972 daAuts
Vaults:4: 1916 daAuts
 Snake:4: 1827 daAuts
   Elf:3: 1826 daAuts
  Lair:2: 1671 daAuts
     D:6: 1539 daAuts
   Orc:2: 1536 daAuts
  Lair:4: 1500 daAuts
Vaults:2: 1495 daAuts
Depths:2: 1434 daAuts
Vaults:5: 1371 daAuts
Depths:4: 1364 daAuts
     D:8: 1345 daAuts
